 Dungeon Crawl Stone Soup version 0.23.0 (webtiles) character file.

Game seed: 11377188520202908861

257 Borgoz the Skirmisher (level 6, -2/52 HPs)
             Began as a Ghoul Monk on Feb 17, 2019.
             Slain by a komodo dragon (9 damage)
             ... on level 4 of the Dungeon.
             The game lasted 00:06:40 (3189 turns).

Borgoz the Skirmisher (Ghoul Monk)                  Turns: 3189, Time: 00:06:41

Health: -2/52      AC:  6    Str: 15    XL:     6   Next: 16%
Magic:  5/5        EV: 12    Int:  5    God:
Gold:   143        SH:  0    Dex: 11    Spells: 5/5 levels left

rFire    + . .     SeeInvis .   a - +1 short sword
rCold    + . .     Gourm    .   (no shield)
rNeg     + + +     Faith    .   i - +1 ring mail {rF+}
rPois    ∞         Spirit   .   (no helmet)
rElec    .         Reflect  .   (no cloak)
rCorr    .         Harm     .   (no gloves)
MR       .....                  (no boots)
Stlth    ++........             (no amulet)
HPRegen  0.00/turn              e - -2 ring of dexterity (curse)
MPRegen  0.09/turn              (no ring)

@: rotting
A: rotting body, claws 1, carnivore, cold resistance 1, negative energy
resistance 3, inhibited regeneration, torment resistance, unbreathing
a: no special abilities


You were on level 4 of the Dungeon.
You were not hungry.

You visited 1 branch of the dungeon, and saw 4 of its levels.

You collected 143 gold pieces.

Inventory:

Hand Weapons
 a - a +1 short sword (weapon)
Missiles
 d - 6 poisoned needles
Armour
 i - a +1 ring mail of fire resistance (worn)
Jewellery
 e - a cursed -2 ring of dexterity (left claw)
Wands
 g - a wand of polymorph (1)
Scrolls
 f - a scroll of teleportation {unknown}
 j - a scroll of enchant weapon
 k - 2 scrolls of identify {unknown}
 l - a scroll of magic mapping {unknown}
Potions
 b - 2 potions of heal wounds
 h - a potion of agility
 m - a potion of might {unknown}
 o - a potion of curing
Comestibles
 c - 3 rations
 n - 4 chunks of flesh


   Skills:
 + Level 4.0 Fighting
 * Level 3.9 Short Blades
 + Level 1.7 Armour
 * Level 3.9 Dodging
 + Level 3.4 Stealth


You had 5 spell levels left.
You didn't know any spells.
Your spell library contained the following spells:

 Spells                   Type           Power        Failure   Level  Hunger
 Magic Dart               Conj           #...         71%         1    ##.....
 Searing Ray              Conj           #.....       83%         2    ###....
 Dazzling Spray           Conj/Hex       #.....       97%         3    ####...
 Force Lance              Conj/Tloc      #.......     100%        4    #####..
 Fulminant Prism          Conj/Hex       #.........   100%        4    #####..
 Iskenderun's Mystic Bla  Conj           #.......     100%        4    #####..


Dungeon Overview and Level Annotations

Branches:
Dungeon (4/15)
 Temple: D:4-7

Altars:
Nemelex Xobeh
Vehumet
Zin
The Shining One


Innate Abilities, Weirdness & Mutations

Your body is rotting away.
You thrive on raw meat.
You are immune to poison.
You have sharp fingernails.
You are carnivorous and can eat meat at any time.
Your flesh is cold resistant. (rC+)
You are immune to negative energy. (rN+++)
You do not regenerate when monsters are visible.
You are immune to unholy pain and torment.
You can survive without breathing.


Message History

Aim: an ogre, wielding a +0 giant club (lightly wounded, chance to defeat MR: 46%)
The ogre resists with some effort.
Evoke which item? (* to show all) (? for menu, Esc to quit)
Aiming: Polymorph
Press: ? - help, Shift-Dir - straight line, f/p - ogre
Aim: an ogre, wielding a +0 giant club (lightly wounded, chance to defeat MR: 46%)
The ogre evaporates and reforms as a queen bee!
Evoke which item? (* to show all) (? for menu, Esc to quit)
Aiming: Polymorph
Press: ? - help, Shift-Dir - straight line, f/p - queen bee
Aim: a queen bee (chance to defeat MR: 46%)
The queen bee resists with some effort.
The queen bee stings you.
* * * LOW HITPOINT WARNING * * *
Evoke which item? (* to show all) (? for menu, Esc to quit)
Aiming: Polymorph
Press: ? - help, Shift-Dir - straight line, f/p - queen bee
Aim: a queen bee (chance to defeat MR: 46%)
The queen bee evaporates and reforms as a komodo dragon!
The komodo dragon bites you!
You die...

#.......#
#..........
#.#....(#
###..#####.
#.......#
#..#$$$#.
###.....#
#..#)()#.
#.....#
#..#)$(#.
#...).#
#..#####.
#.....# .#
#........
#####l##.#
#........ #@##.#
####...## #.##.#
#...# #..#.#
#...# ##.#.#
#...# #.#.#
#...#
#...########...#
##.......#.....#
#.).....#.....#
#.......#.....#


You could see a komodo dragon.

Vanquished Creatures
  A hound (D:4)
  An orc priest (D:2)
  A centaur skeleton (D:4)
  A worker ant (D:4)
  6 adders
  2 oozes
  3 worms (D:2)
  A dart slug (D:2)
  4 leopard geckos
  8 orcs
  A ball python (D:2)
  3 giant cockroaches
  6 goblins
  7 hobgoblins
  2 jackals (D:2)
  2 quokkas
  7 bats
  4 frilled lizards
  3 kobolds
  6 rats
69 creatures vanquished.

Notes
Turn   | Place    | Note
-------+----------+-------------------------------------------
     0 | D:1      | Borgoz the Ghoul Monk began the quest for the Orb.
     0 | D:1      | Reached XP level 1. HP: 19/19 MP: 0/0
   394 | D:1      | Reached XP level 2. HP: 21/26 MP: 1/1
  1193 | D:2      | Reached XP level 3. HP: 24/31 MP: 2/2
  1365 | D:2      | Found a glowing silver altar of Zin.
  1713 | D:2      | Reached XP level 4. HP: 34/39 MP: 3/3
  1880 | D:2      | Reached skill level 1 in Armour
  2231 | D:3      | Found a glowing golden altar of the Shining One.
  2240 | D:3      | Reached XP level 5. HP: 45/46 MP: 4/4
  2560 | D:3      | Found a sparkling altar of Nemelex Xobeh.
  2883 | D:4      | Noticed an ogre
  2891 | D:4      | Found a radiant altar of Vehumet.
  2918 | D:4      | Reached skill level 4 in Fighting
  3120 | D:4      | Reached XP level 6. HP: 38/52 MP: 5/5
  3187 | D:4      | Noticed a queen bee
  3187 | D:4      | an ogre changed into a queen bee
  3189 | D:4      | Noticed a komodo dragon
  3189 | D:4      | a queen bee changed into a komodo dragon
  3189 | D:4      | Slain by a komodo dragon

Skill      XL: |  1  2  3  4  5 |
---------------+----------------+-----
Dodging        | 3 |  3.9
Short Blades   | 3 |  3.9
Armour         | 1 |  1.7
Stealth        | 3 |  3.4
Fighting       | 4 |  4.0

Action                   |  1- 3 |  4- 6 || total
-------------------------+-------+-------++-------
Melee: Short sword       |   177 |   179 ||   356
Evoke: Wand              |       |     6 ||     6
  Use: Scroll            |     3 |       ||     3
       Potion            |     3 |       ||     3
 Stab: Sleeping          |     3 |     5 ||     8
  Eat: Chunk             |    15 |    11 ||    26
Armor: Robe              |     4 |       ||     4
       Ring mail         |    31 |    73 ||   104
Dodge: Dodged            |    81 |   123 ||   204
